TOP OF THE 1ST |
Oregon State University Beavers batting - Pitching for California State University at Fullerton Titans : RHP Matt Lane
|
Pitching: RHP Matt Lane
|
|
Batting: LHB Chad Carlson
|
0-0: Ball 1-0: Foul Ball, location: 2F 1-1: Ball 2-1: Called Strike 2-2: Strikes out swinging
|
Batting: LHB Jose Diaz
|
0-0: Ball 1-0: Called Strike 1-1: Foul Ball, location: 2F 1-2: Ball 2-2: Ball 3-2: Strikes out swinging, 2-3 out at first.
|
Batting: LHB Mike Becerra
|
0-0: Ball 1-0: Called Strike 1-1: Called Strike 1-2: Ball 2-2: Ball 3-2: Ground out 4-3 (Groundball, 4MS, EV 83.1 MPH)
|
Top of the 1st over - 0 runs, 0 hits, 0 errors, 0 left on base; Oregon State University 0 - California State University at Fullerton 0 |
BOTTOM OF THE 1ST |
California State University at Fullerton Titans batting - Pitching for Oregon State University Beavers : RHP Xavier Martin
|
Pitching: RHP Xavier Martin
|
|
Batting: LHB Carlos Guadarrama
|
0-0: Ball 1-0: Ball 2-0: Ball 3-0: Base on Balls
|
Batting: SHB Macho Baez
|
0-0: Fielders Choice at 2nd, 2-6 (Groundball, 13S, EV 70.6 MPH)
|
Batting: LHB Freddy Monge
|
0-0: Ball 1-0: Called Strike 1-1: Swinging Strike 1-2: Ball 2-2: Foul Ball, location: 2F 2-2: Strikes out swinging
|
Batting: RHB Panam Palmer
|
0-0: Called Strike Macho Baez steals 2nd base 0-1: Ball 1-1: Swinging Strike 1-2: Strikes out swinging
|
Bottom of the 1st over - 0 runs, 0 hits, 0 errors, 1 left on base; Oregon State University 0 - California State University at Fullerton 0 |
TOP OF THE 2ND |
Oregon State University Beavers batting - Pitching for California State University at Fullerton Titans : RHP Matt Lane
|
Batting: RHB Mario Avila
|
0-0: Fly out, F8 (Line Drive, 8RM, EV 90.6 MPH)
|
Batting: RHB Gary Smith
|
0-0: Ball 1-0: Ball 2-0: Ball 3-0: Called Strike 3-1: Base on Balls
|
Batting: LHB Diego Vega
|
0-0: Ball 1-0: Foul Ball, location: 2F 1-1: Ball 2-1: Ball 3-1: Fly out, F9 (Flyball, 9, EV 88.8 MPH)
|
Batting: RHB Edwin Sierra
|
0-0: Called Strike 0-1: Fly out, F9 (Flyball, 9S, EV 89.4 MPH)
|
Top of the 2nd over - 0 runs, 0 hits, 0 errors, 1 left on base; Oregon State University 0 - California State University at Fullerton 0 |
BOTTOM OF THE 2ND |
California State University at Fullerton Titans batting - Pitching for Oregon State University Beavers : RHP Xavier Martin
|
Batting: RHB Matt Martin
|
0-0: Foul Ball, location: 2F 0-1: Ball 1-1: Called Strike 1-2: Ball 2-2: Foul Ball, location: 2F 2-2: Ground out 1-3 (Groundball, 15S, EV 76.2 MPH)
|
Batting: RHB Roman Lauder
|
0-0: Ground out 4-3 (Groundball, 4, EV 83.8 MPH)
|
Batting: RHB Jim Unknown
|
0-0: Ball 1-0: Called Strike 1-1: Ball 2-1: Ball 3-1: Called Strike 3-2: Base on Balls
|
Batting: LHB Jim Unknown
|
0-0: Ball 1-0: Called Strike Jim Unknown steals 2nd base 1-1: Foul Ball, location: 2F 1-2: Ball 2-2: Ground out 1-3 (Groundball, 13, EV 69.4 MPH)
|
Bottom of the 2nd over - 0 runs, 0 hits, 0 errors, 1 left on base; Oregon State University 0 - California State University at Fullerton 0 |
TOP OF THE 3RD |
Oregon State University Beavers batting - Pitching for California State University at Fullerton Titans : RHP Matt Lane
|
Batting: RHB Yasuyuki Moriyama
|
0-0: Ball 1-0: Foul Ball, location: 2F 1-1: Swinging Strike 1-2: Ball 2-2: Strikes out swinging
|
Batting: LHB Jim Unknown
|
0-0: Called Strike 0-1: Fly out, F8 (Flyball, 8LXD, EV 96.2 MPH)
|
Batting: LHB Chad Carlson
|
0-0: Called Strike 0-1: Swinging Strike 0-2: Strikes out looking
|
Top of the 3rd over - 0 runs, 0 hits, 0 errors, 0 left on base; Oregon State University 0 - California State University at Fullerton 0 |
BOTTOM OF THE 3RD |
California State University at Fullerton Titans batting - Pitching for Oregon State University Beavers : RHP Xavier Martin
|
Batting: RHB Jim Unknown
|
0-0: Ball 1-0: Fly out, F8 (Flyball, 8LM, EV 91.2 MPH)
|
Batting: LHB Carlos Guadarrama
|
0-0: Ball 1-0: SINGLE (Groundball, 6MD, EV 88.8 MPH) (infield hit)
|
Batting: SHB Macho Baez
|
0-0: Ball 1-0: Fielders Choice at 2nd, 3-6 (Groundball, 3S, EV 78.8 MPH)
|
Batting: LHB Freddy Monge
|
0-0: Ball 1-0: Ball 2-0: Ball 3-0: Called Strike 3-1: Base on Balls Macho Baez to second
|
Batting: RHB Panam Palmer
|
0-0: Called Strike 0-1: SINGLE (Groundball, 4D, EV 95.0 MPH) Macho Baez to third Freddy Monge to second Runner from 3rd tries for Home, SAFE, throw by RF to home
|
Batting: RHB Matt Martin
|
0-0: Foul Ball, location: 2F 0-1: Ball 1-1: SINGLE (Groundball, 34D, EV 96.2 MPH) Freddy Monge to third Panam Palmer to second Runner from 3rd tries for Home, SAFE, throw by RF to home
|
Batting: RHB Roman Lauder
|
0-0: Ball 1-0: SINGLE (Groundball, 34D, EV 101.9 MPH) Panam Palmer to third Matt Martin to second Runner from 3rd tries for Home, SAFE, throw by RF to home
|
Batting: RHB Jim Unknown
|
0-0: Foul Ball, location: 2F 0-1: Ball 1-1: Fielders Choice at 2nd, 6-4 (Groundball, 6, EV 88.1 MPH)
|
Bottom of the 3rd over - 3 runs, 4 hits, 0 errors, 2 left on base; Oregon State University 0 - California State University at Fullerton 3 |
TOP OF THE 4TH |
Oregon State University Beavers batting - Pitching for California State University at Fullerton Titans : RHP Matt Lane
|
Batting: LHB Jose Diaz
|
0-0: Ground out 5-3 (Groundball, 56, EV 83.8 MPH)
|
Batting: LHB Mike Becerra
|
0-0: Foul Ball, location: 2F 0-1: Called Strike 0-2: SINGLE (Groundball, 34D, EV 108.8 MPH)
|
Batting: RHB Mario Avila
|
0-0: Called Strike 0-1: Ball 1-1: Called Strike 1-2: Strikes out looking
|
Batting: RHB Gary Smith
|
0-0: Called Strike 0-1: Ball 1-1: Ball 2-1: Fielders Choice at 2nd, 6-4 (Groundball, 6, EV 86.9 MPH)
|
Top of the 4th over - 0 runs, 1 hit, 0 errors, 1 left on base; Oregon State University 0 - California State University at Fullerton 3 |
BOTTOM OF THE 4TH |
California State University at Fullerton Titans batting - Pitching for Oregon State University Beavers : RHP Xavier Martin
|
Batting: LHB Jim Unknown
|
0-0: Foul Ball, location: 2F 0-1: Fly out, F9 (Flyball, 89M, EV 88.8 MPH)
|
Batting: RHB Jim Unknown
|
0-0: Ground out 4-3 (Groundball, 4, EV 88.1 MPH)
|
Batting: LHB Carlos Guadarrama
|
0-0: Ball 1-0: Swinging Strike 1-1: Foul Ball, location: 9LSF, Error on foul ball, E9 1-2: Ball 2-2: Hit by Pitch
|
Batting: SHB Macho Baez
|
0-0: Ball 1-0: Called Strike 1-1: Ball 2-1: Ball 3-1: Ground out U3 (Groundball, 3L, EV 83.8 MPH)
|
Bottom of the 4th over - 0 runs, 0 hits, 1 error, 1 left on base; Oregon State University 0 - California State University at Fullerton 3 |
TOP OF THE 5TH |
Oregon State University Beavers batting - Pitching for California State University at Fullerton Titans : RHP Matt Lane
|
Batting: LHB Diego Vega
|
0-0: Called Strike 0-1: Ground out 1-3 (Groundball, 15S, EV 64.4 MPH)
|
Batting: RHB Edwin Sierra
|
0-0: Ball 1-0: Swinging Strike 1-1: Foul Ball, location: 2F 1-2: Foul Ball, location: 2F 1-2: Fly out, F7 (Flyball, 7LM, EV 91.9 MPH)
|
Batting: RHB Yasuyuki Moriyama
|
0-0: Ball 1-0: Foul Ball, location: 2F 1-1: Called Strike 1-2: Strikes out looking
|
Top of the 5th over - 0 runs, 0 hits, 0 errors, 0 left on base; Oregon State University 0 - California State University at Fullerton 3 |
BOTTOM OF THE 5TH |
California State University at Fullerton Titans batting - Pitching for Oregon State University Beavers : RHP Xavier Martin
|
Batting: LHB Freddy Monge
|
0-0: Ball 1-0: Called Strike 1-1: Ball 2-1: Ball 3-1: Called Strike 3-2: Foul Ball, location: 2F 3-2: Foul Ball, location: 2F 3-2: Base on Balls
|
Pitching: RHP Jim Unknown
|
|
Batting: RHB Panam Palmer
|
0-0: Ball 1-0: Called Strike 1-1: Ball 2-1: Ball 3-1: Base on Balls Freddy Monge to second
|
Batting: RHB Matt Martin
|
0-0: Ball 1-0: Foul Ball, location: 2F 1-1: Ball 2-1: Ball 3-1: Foul Ball, location: 2F 3-2: Base on Balls Freddy Monge to third Panam Palmer to second
|
Batting: RHB Roman Lauder
|
0-0: SINGLE (Line Drive, 89S, EV 93.1 MPH) Freddy Monge scores Panam Palmer to third Matt Martin to second
|
Batting: RHB Jim Unknown
|
0-0: Ball Wild Pitch! Panam Palmer scores Matt Martin to third Roman Lauder to second 1-0: Ball 2-0: Called Strike 2-1: Ball 3-1: Ground out 4-3 (Groundball, 13, EV 80.6 MPH) Matt Martin scores Roman Lauder to third
|
Batting: LHB Jim Unknown
|
0-0: Ground out 4-3 (Groundball, 4, EV 88.8 MPH) Roman Lauder scores
|
Batting: RHB Jim Unknown
|
0-0: Ball 1-0: Foul Ball, location: 2F 1-1: Ground out U3 (Groundball, 34S, EV 82.5 MPH)
|
Bottom of the 5th over - 4 runs, 1 hit, 0 errors, 0 left on base; Oregon State University 0 - California State University at Fullerton 7 |
TOP OF THE 6TH |
Oregon State University Beavers batting - Pitching for California State University at Fullerton Titans : RHP Matt Lane
|
Batting: LHB Jim Unknown
|
0-0: Called Strike 0-1: Ball 1-1: Ball 2-1: SINGLE (Flyball, 56D, EV 86.9 MPH)
|
Batting: LHB Chad Carlson
|
0-0: Ball 1-0: Ball 2-0: Foul Ball, location: 2F 2-1: Ball 3-1: Swinging Strike 3-2: Base on Balls Jim Unknown to second
|
Batting: LHB Jose Diaz
|
0-0: Ball 1-0: Swinging Strike 1-1: Foul Ball, location: 2F 1-2: Foul Ball, location: 2F 1-2: Foul Ball, location: 2F 1-2: Strikes out swinging
|
Batting: LHB Mike Becerra
|
0-0: Called Strike 0-1: Foul Ball, location: 2F 0-2: Strikes out looking
|
Pitching: RHP Jim Unknown
|
|
Batting: RHB Mario Avila
|
0-0: Ball 1-0: Ball 2-0: Called Strike 2-1: Fielders Choice at 2nd, 6-4 (Groundball, 6, EV 100.6 MPH)
|
Top of the 6th over - 0 runs, 1 hit, 0 errors, 2 left on base; Oregon State University 0 - California State University at Fullerton 7 |
BOTTOM OF THE 6TH |
California State University at Fullerton Titans batting - Pitching for Oregon State University Beavers : RHP Jim Unknown
|
Batting: LHB Carlos Guadarrama
|
0-0: SINGLE (Groundball, 15S, EV 73.8 MPH) (infield hit)
|
Batting: SHB Macho Baez
|
0-0: Called Strike Carlos Guadarrama steals 2nd base 0-1: Ground out 3-1 (Groundball, 34, EV 85.6 MPH) Carlos Guadarrama to third
|
Batting: LHB Freddy Monge
|
0-0: Ball 1-0: Fly out, F8 (Flyball, 8LXD, EV 90.6 MPH) Runner from 3rd tags up, SCORES, no throw by CF
|
Batting: RHB Panam Palmer
|
0-0: Ball 1-0: Called Strike 1-1: Ball 2-1: Foul Ball, location: 2F 2-2: Foul Ball, location: 2F 2-2: DOUBLE (Line Drive, 7LD, EV 107.5 MPH)
|
Batting: RHB Matt Martin
|
0-0: Foul Ball, location: 2F 0-1: Ball 1-1: SINGLE (Groundball, 56D, EV 97.5 MPH) Panam Palmer to third Runner from 3rd tries for Home, SAFE, throw by LF to home Matt Martin to second
|
Pitching: RHP Jim Unknown
|
|
Batting: RHB Roman Lauder
|
0-0: Called Strike 0-1: Ground out U3 (Groundball, 3, EV 104.4 MPH)
|
Bottom of the 6th over - 2 runs, 3 hits, 0 errors, 1 left on base; Oregon State University 0 - California State University at Fullerton 9 |
TOP OF THE 7TH |
Oregon State University Beavers batting - Pitching for California State University at Fullerton Titans : RHP Jim Unknown
|
Batting: RHB Gary Smith
|
0-0: Ball 1-0: Foul Ball, location: 2F 1-1: Foul Ball, location: 2F 1-2: Ball 2-2: Foul Ball, location: 2F 2-2: Ball 3-2: Foul Ball, location: 2F 3-2: Foul Ball, location: 2F 3-2: Reached on error, E1 (Groundball, 15S, EV 68.1 MPH)
|
Batting: LHB Diego Vega
|
0-0: Ball 1-0: Ball 2-0: Ball 3-0: Called Strike 3-1: Fielders Choice at 2nd, 5-4 (Groundball, 25, EV 79.4 MPH)
|
Batting: RHB Edwin Sierra
|
0-0: Ball Diego Vega steals 2nd base (no throw) 1-0: Ball Diego Vega steals 3rd base 2-0: Foul Ball, location: 2F 2-1: Fly out, F4 (Line Drive, 4, EV 69.4 MPH)
|
Batting: RHB Yasuyuki Moriyama
|
0-0: Ball 1-0: Ball 2-0: Swinging Strike 2-1: SINGLE (Flyball, 89S, EV 86.2 MPH) Diego Vega scores
|
Batting: LHB Jim Unknown
|
0-0: Called Strike 0-1: Called Strike 0-2: Ball 1-2: Strikes out swinging
|
Top of the 7th over - 1 run, 1 hit, 1 error, 1 left on base; Oregon State University 1 - California State University at Fullerton 9 |
BOTTOM OF THE 7TH |
California State University at Fullerton Titans batting - Pitching for Oregon State University Beavers : RHP Jim Unknown
|
Batting: RHB Jim Unknown
|
0-0: Ball 1-0: Ball 2-0: Ground out 4-3 (Groundball, 4, EV 80.0 MPH)
|
Batting: LHB Jim Unknown
|
0-0: Ball 1-0: Ball 2-0: Ball 3-0: Base on Balls
|
Batting: RHB Jim Unknown
|
0-0: Ball 1-0: Foul Ball, location: 2F 1-1: Reached on error, E6 (Groundball, 56D, EV 82.5 MPH) Jim Unknown to second
|
Pinch Hitting: SHB Jim Unknown
|
0-0: Called Strike 0-1: Fielders Choice at 2nd, 6-4 (Groundball, 6S, EV 78.8 MPH) Jim Unknown to third
|
Pinch Hitting: RHB Jim Unknown
|
0-0: Called Strike 0-1: Ball 1-1: Fly out, F9 (Flyball, 89S, EV 84.4 MPH)
|
Bottom of the 7th over - 0 runs, 0 hits, 1 error, 2 left on base; Oregon State University 1 - California State University at Fullerton 9 |
TOP OF THE 8TH |
Oregon State University Beavers batting - Pitching for California State University at Fullerton Titans : RHP Jim Unknown
|
Now at 2B: Jim Unknown
|
|
Now in LF: Jim Unknown
|
|
Batting: LHB Chad Carlson
|
0-0: Ball 1-0: Ball 2-0: Ball 3-0: Base on Balls
|
Batting: LHB Jose Diaz
|
0-0: Called Strike 0-1: Fielders Choice at 2nd, 4-6 (Groundball, 4, EV 78.1 MPH)
|
Batting: LHB Mike Becerra
|
0-0: Swinging Strike 0-1: Ball 1-1: Foul Ball, location: 2F 1-2: Foul Ball, location: 2F 1-2: Foul Ball, location: 2F 1-2: Ball 2-2: Foul Ball, location: 2F 2-2: Foul Ball, location: 2F 2-2: SINGLE (Flyball, 6D, EV 88.1 MPH) Jose Diaz to second
|
Pinch Hitting: RHB Xavier Williams
|
0-0: Ball 1-0: Called Strike 1-1: Fielders Choice at 2nd, 1-6 (Groundball, 13S, EV 70.0 MPH) Jose Diaz to third
|
Batting: RHB Gary Smith
|
0-0: Ball 1-0: Ball 2-0: Swinging Strike 2-1: Swinging Strike 2-2: Ball 3-2: Strikes out swinging, 2-3 out at first.
|
Top of the 8th over - 0 runs, 1 hit, 0 errors, 2 left on base; Oregon State University 1 - California State University at Fullerton 9 |
BOTTOM OF THE 8TH |
California State University at Fullerton Titans batting - Pitching for Oregon State University Beavers : RHP Jim Unknown
|
Now at 3B: Sun-wei Kuai
|
|
Batting: LHB Freddy Monge
|
0-0: Ball 1-0: Ball 2-0: Ball 3-0: Base on Balls
|
Pinch Hitting: LHB Jim Unknown
|
0-0: Swinging Strike 0-1: Foul Ball, location: 2F 0-2: SINGLE (Groundball, 34D, EV 100.6 MPH) Freddy Monge to second Runner from 2nd tries for 3rd, SAFE, throw by RF made to third
|
Batting: RHB Matt Martin
|
0-0: Called Strike 0-1: Swinging Strike 0-2: Grounds into double play, 6-4-3 (Groundball, 6, EV 99.4 MPH) Freddy Monge scores
|
Batting: RHB Roman Lauder
|
0-0: Ball 1-0: Called Strike 1-1: Ball 2-1: Foul Ball, location: 2F 2-2: Foul Ball, location: 2F 2-2: Foul Ball, location: 2F 2-2: Strikes out swinging
|
Bottom of the 8th over - 1 run, 1 hit, 0 errors, 0 left on base; Oregon State University 1 - California State University at Fullerton 10 |
TOP OF THE 9TH |
Oregon State University Beavers batting - Pitching for California State University at Fullerton Titans : RHP Jim Unknown
|
Now in RF: Jim Unknown
|
|
Pinch Hitting: LHB Emmett Hamilton
|
0-0: Ground out 4-3 (Groundball, 4, EV 75.6 MPH)
|
Pinch Hitting: LHB Adam Lupfer
|
0-0: Ball 1-0: Ball 2-0: Ball 3-0: Base on Balls
|
Pitching: RHP Sandro Fibonacci
|
|
Batting: RHB Yasuyuki Moriyama
|
0-0: Ball 1-0: Called Strike 1-1: Foul Ball, location: 2F 1-2: Ball 2-2: Ball 3-2: Foul Ball, location: 2F 3-2: Base on Balls Adam Lupfer to second
|
Batting: LHB Jim Unknown
|
0-0: Called Strike 0-1: Ball 1-1: Ball 2-1: Foul Ball, location: 2F 2-2: Foul Ball, location: 2F 2-2: Strikes out looking
|
Batting: LHB Chad Carlson
|
0-0: Ball 1-0: Fly out, F8 (Flyball, 8LM, EV 93.8 MPH)
|
Top of the 9th over - 0 runs, 0 hits, 0 errors, 2 left on base; Oregon State University 1 - California State University at Fullerton 10 |
|